APP
TEXAS (APP) RANGERS @ ELIZABETHTON TWINS
05/22/2044
 
TOP OF THE 1ST
Texas (APP) Rangers batting - Pitching for Elizabethton Twins : RHP Andrew Rich
Pitching: RHP Andrew Rich
Batting: RHB Jay De Angelis 0-0: Ball
1-0: Ball
2-0: Swinging Strike
2-1: Swinging Strike
2-2: Ball
3-2: Base on Balls
Batting: RHB Alex Lopez 0-0: Ball
Jay De Angelis steals 2nd base
1-0: Foul Ball, location: 2F
1-1: Ball
2-1: Called Strike
2-2: Ball
3-2: Strikes out swinging
Batting: LHB Tomoya Hashimoto 0-0: 2-RUN HOME RUN (Flyball, 8RXD, EV 112.5 MPH), Distance : 436 ft
Batting: RHB Ryan Pastore 0-0: Called Strike
0-1: Ball
1-1: Ball
2-1: Foul Ball, location: 2F
2-2: Ball
3-2: Foul Ball, location: 2F
3-2: Base on Balls
Pitching: RHP Jon Hice
Batting: RHB David Redman 0-0: Ball
1-0: Ball
2-0: Called Strike
2-1: Called Strike
2-2: Fly out, F6 (Flyball, 56D, EV 73.1 MPH)
Batting: RHB Matt Silva 0-0: Ball
1-0: Foul Ball, location: 2F
1-1: Foul Ball, location: 2F
1-2: 2-RUN HOME RUN (Flyball, 78XD, EV 99.4 MPH), Distance : 404 ft
Batting: SHB Mark Paquin 0-0: Called Strike
0-1: Foul Ball, location: 2F
0-2: Ball
1-2: Ball
2-2: Foul Ball, location: 2F
2-2: Ball
3-2: Base on Balls
Batting: RHB Rafael Tapia 0-0: Foul Ball, location: 2F
0-1: Fly out, F9 (Flyball, 9S, EV 88.8 MPH)
Top of the 1st over - 4 runs, 2 hits, 0 errors, 1 left on base; Texas (APP) 4 - Elizabethton 0
BOTTOM OF THE 1ST
Elizabethton Twins batting - Pitching for Texas (APP) Rangers : LHP Jose Cepero
Pitching: LHP Jose Cepero
Batting: RHB Alex Belton 0-0: Ball
1-0: Called Strike
1-1: Foul Ball, location: 2F
1-2: Ball
2-2: TRIPLE (Groundball, 3L, EV 102.5 MPH)
Batting: LHB David Campbell 0-0: Ball
1-0: 2-RUN HOME RUN (Line Drive, 9LD, EV 96.3 MPH), Distance : 348 ft
Batting: RHB Jose Gracia 0-0: Ball
1-0: Ball
2-0: Foul Ball, location: 2F
2-1: Swinging Strike
2-2: Ball
3-2: Base on Balls
Batting: SHB Chris Hull 0-0: Ball
1-0: Foul Ball, location: 2F
1-1: Swinging Strike
1-2: Foul Ball, location: 2F
1-2: Ball
2-2: Foul Ball, location: 2F
2-2: Foul Ball, location: 2F
2-2: Strikes out swinging
Batting: LHB Jiong Shui 0-0: Fielders Choice at 2nd, 3-6 (Groundball, 3S, EV 83.1 MPH)
Batting: LHB Diego Gutierres 0-0: Called Strike
0-1: Ball
1-1: Ball
2-1: Swinging Strike
2-2: Strikes out swinging
Bottom of the 1st over - 2 runs, 2 hits, 0 errors, 1 left on base; Texas (APP) 4 - Elizabethton 2
TOP OF THE 2ND
Texas (APP) Rangers batting - Pitching for Elizabethton Twins : RHP Jon Hice
Batting: RHB Alejandro Luna 0-0: Called Strike
0-1: Ball
1-1: Ball
2-1: Ball
3-1: SINGLE (Groundball, 34D, EV 93.8 MPH)
Batting: RHB Jay De Angelis 0-0: Ball
Passed Ball!
Alejandro Luna to second
1-0: Ball
2-0: Ball
3-0: Base on Balls
Batting: RHB Alex Lopez 0-0: Ball
1-0: Ground out 4-3 (Groundball, 4S, EV 73.1 MPH)
Alejandro Luna to third
Jay De Angelis to second
Batting: LHB Tomoya Hashimoto 0-0: Ball
1-0: Swinging Strike
1-1: Swinging Strike
1-2: Ball
2-2: Ball
3-2: Foul Ball, location: 2F
3-2: Foul Ball, location: 2F
3-2: Base on Balls
Batting: RHB Ryan Pastore 0-0: Ball
1-0: Ball
2-0: Ball
3-0: Called Strike
3-1: DOUBLE (Line Drive, 9LD, EV 102.5 MPH)
Alejandro Luna scores
Jay De Angelis scores
Tomoya Hashimoto to third
Runner from 3rd tries for Home, SAFE, throw by RF to trailing runner, SAFE at third!
Batting: RHB David Redman 0-0: Called Strike
0-1: Ball
1-1: Ground out 5-3 (Groundball, 56, EV 100.6 MPH)
Ryan Pastore scores
Batting: RHB Matt Silva 0-0: Ground out 5-3 (Groundball, 5, EV 102.5 MPH)
Top of the 2nd over - 4 runs, 2 hits, 0 errors, 0 left on base; Texas (APP) 8 - Elizabethton 2
BOTTOM OF THE 2ND
Elizabethton Twins batting - Pitching for Texas (APP) Rangers : LHP Jose Cepero
Batting: SHB Nate Januchowski 0-0: Foul Ball, location: 2F
0-1: Swinging Strike
0-2: Foul Ball, location: 2F
0-2: Ball
1-2: Foul Ball, location: 2F
1-2: SINGLE (Line Drive, 8RM, EV 106.3 MPH)
Batting: RHB Ryan Hawkins 0-0: Ball
1-0: Foul Ball, location: 2F
1-1: Swinging Strike
1-2: Ball
2-2: Strikes out looking
Batting: RHB Aaron Dusch 0-0: Ball
1-0: Called Strike
1-1: Ball
2-1: Ball
3-1: DOUBLE (Groundball, 5L, EV 103.8 MPH)
Nate Januchowski to third
Batting: RHB Alex Belton 0-0: Ball
1-0: Ground out 5-3 (Groundball, 56, EV 84.4 MPH)
Nate Januchowski scores
Batting: LHB David Campbell 0-0: Ball
1-0: Foul Ball, location: 2F
1-1: Foul Ball, location: 2F
1-2: Strikes out swinging
Bottom of the 2nd over - 1 run, 2 hits, 0 errors, 1 left on base; Texas (APP) 8 - Elizabethton 3
TOP OF THE 3RD
Texas (APP) Rangers batting - Pitching for Elizabethton Twins : RHP Jon Hice
Batting: SHB Mark Paquin 0-0: Foul Ball, location: 2F
0-1: Called Strike
0-2: Ball
1-2: SOLO HOME RUN (Flyball, 9D, EV 95.6 MPH), Distance : 363 ft
Batting: RHB Rafael Tapia 0-0: Ball
1-0: Called Strike
1-1: Ground out 6-3 (Groundball, 6, EV 80.6 MPH)
Batting: RHB Alejandro Luna 0-0: Called Strike
0-1: Ball
1-1: Ball
2-1: Ball
3-1: Base on Balls
Batting: RHB Jay De Angelis 0-0: Foul Ball, location: 2F
0-1: Ball
1-1: Foul Ball, location: 2F
1-2: Ball
2-2: SINGLE (Groundball, 56D, EV 98.1 MPH)
Alejandro Luna to second
Pitching: RHP Jorge Corte
Batting: RHB Alex Lopez 0-0: Called Strike
0-1: Foul Ball, location: 2F
0-2: Ball
1-2: Ball
2-2: Fielders Choice at 2nd, 5-4 (Groundball, 5S, EV 86.3 MPH)
Alejandro Luna to third
Batting: LHB Tomoya Hashimoto 0-0: Ball
1-0: Foul Ball, location: 2F
1-1: Ball
2-1: Ball
3-1: Base on Balls
Alex Lopez to second
Batting: RHB Ryan Pastore 0-0: Ball
1-0: Ball
2-0: Fly out, F2 (Popup, 2R, EV 97.5 MPH)
Top of the 3rd over - 1 run, 2 hits, 0 errors, 3 left on base; Texas (APP) 9 - Elizabethton 3
BOTTOM OF THE 3RD
Elizabethton Twins batting - Pitching for Texas (APP) Rangers : LHP Jose Cepero
Batting: RHB Jose Gracia 0-0: Ground out 6-3 (Groundball, 6S, EV 70.0 MPH)
Batting: SHB Chris Hull 0-0: Ball
1-0: SINGLE (Line Drive, 89M, EV 86.9 MPH)
Batting: LHB Jiong Shui 0-0: Called Strike
0-1: Foul Ball, location: 2F
0-2: Ball
1-2: Ball
2-2: Grounds into double play, 3-6-3 (Groundball, 23, EV 82.5 MPH)
Bottom of the 3rd over - 0 runs, 1 hit, 0 errors, 0 left on base; Texas (APP) 9 - Elizabethton 3
TOP OF THE 4TH
Texas (APP) Rangers batting - Pitching for Elizabethton Twins : RHP Jorge Corte
Batting: RHB David Redman 0-0: SINGLE (Flyball, 6D, EV 92.5 MPH)
Batting: RHB Matt Silva 0-0: Ball
1-0: Fly out, F2 (Popup, 2RF, EV 82.5 MPH)
Batting: SHB Mark Paquin 0-0: SINGLE (Groundball, 6D, EV 107.5 MPH)
David Redman to second
Batting: RHB Rafael Tapia 0-0: Swinging Strike
0-1: Grounds into double play, 5-4-3 (Groundball, 15, EV 80.0 MPH)
Top of the 4th over - 0 runs, 2 hits, 0 errors, 1 left on base; Texas (APP) 9 - Elizabethton 3
BOTTOM OF THE 4TH
Elizabethton Twins batting - Pitching for Texas (APP) Rangers : LHP Jose Cepero
Batting: LHB Diego Gutierres 0-0: Ball
1-0: Called Strike
1-1: Ground out 5-3 (Groundball, 56, EV 103.8 MPH)
Batting: SHB Nate Januchowski 0-0: Called Strike
0-1: Called Strike
0-2: Strikes out looking
Batting: RHB Ryan Hawkins 0-0: Fly out, F9 (Flyball, 9D, EV 79.4 MPH)
Bottom of the 4th over - 0 runs, 0 hits, 0 errors, 0 left on base; Texas (APP) 9 - Elizabethton 3
TOP OF THE 5TH
Texas (APP) Rangers batting - Pitching for Elizabethton Twins : RHP Jorge Corte
Batting: RHB Alejandro Luna 0-0: Ball
1-0: Called Strike
1-1: Foul Ball, location: 2F
1-2: Foul Ball, location: 2F
1-2: Strikes out swinging, 2-3 out at first.
Batting: RHB Jay De Angelis 0-0: Ball
1-0: Called Strike
1-1: Fly out, F7 (Flyball, 7D, EV 98.1 MPH)
Batting: RHB Alex Lopez 0-0: Ball
1-0: Called Strike
1-1: Ground out 6-3 (Groundball, 6M, EV 80.6 MPH)
Top of the 5th over - 0 runs, 0 hits, 0 errors, 0 left on base; Texas (APP) 9 - Elizabethton 3
BOTTOM OF THE 5TH
Elizabethton Twins batting - Pitching for Texas (APP) Rangers : LHP Jose Cepero
Batting: RHB Aaron Dusch 0-0: Ball
1-0: Foul Ball, location: 2F
1-1: Ball
2-1: Ground out 6-3 (Groundball, 6, EV 81.9 MPH)
Batting: RHB Alex Belton 0-0: Called Strike
0-1: SOLO HOME RUN (Line Drive, 78XD, EV 108.8 MPH), Distance : 412 ft
Batting: LHB David Campbell 0-0: Called Strike
0-1: Ball
1-1: Ball
2-1: Foul Ball, location: 2F
2-2: Foul Ball, location: 2F
2-2: Ball
3-2: Base on Balls
Pitching: RHP Logan Dietz
Batting: RHB Jose Gracia 0-0: Ball
1-0: Ball
2-0: Ball
3-0: Called Strike
3-1: Base on Balls
David Campbell to second
Batting: SHB Chris Hull 0-0: Called Strike
0-1: Ball
1-1: Hit by Pitch
David Campbell to third
Jose Gracia to second
Batting: LHB Jiong Shui 0-0: Ball
1-0: Ball
2-0: Ball
3-0: Base on Balls
David Campbell scores
Jose Gracia to third
Chris Hull to second
Batting: LHB Diego Gutierres 0-0: Fly out, F7 (Flyball, 78S, EV 98.1 MPH)
Batting: SHB Nate Januchowski 0-0: Ball
1-0: Ball
2-0: Foul Ball, location: 2F
2-1: Swinging Strike
2-2: Foul Ball, location: 2F
2-2: Ground out 1-3 (Groundball, 13, EV 68.1 MPH)
Bottom of the 5th over - 2 runs, 1 hit, 0 errors, 3 left on base; Texas (APP) 9 - Elizabethton 5
TOP OF THE 6TH
Texas (APP) Rangers batting - Pitching for Elizabethton Twins : RHP Jorge Corte
Batting: LHB Tomoya Hashimoto 0-0: Ball
1-0: Ball
2-0: Ball
3-0: Called Strike
3-1: SINGLE (Groundball, 3D, EV 103.8 MPH)
Batting: RHB Ryan Pastore 0-0: Fly out, F4 (Popup, 3, EV 61.3 MPH)
Batting: RHB David Redman 0-0: Swinging Strike
0-1: Ball
1-1: Foul Ball, location: 2F
1-2: Fielders Choice at 2nd, 3-6 (Groundball, 3, EV 82.5 MPH)
Batting: RHB Matt Silva 0-0: Ball
David Redman is caught stealing 2nd base 2-4
Top of the 6th over - 0 runs, 1 hit, 0 errors, 0 left on base; Texas (APP) 9 - Elizabethton 5
BOTTOM OF THE 6TH
Elizabethton Twins batting - Pitching for Texas (APP) Rangers : RHP Logan Dietz
Batting: RHB Ryan Hawkins 0-0: Foul Ball, location: 2F
0-1: Swinging Strike
0-2: Strikes out swinging
Batting: RHB Aaron Dusch 0-0: Called Strike
0-1: Ball
1-1: Ball
2-1: Foul Ball, location: 2F
2-2: Ball
3-2: Base on Balls
Batting: RHB Alex Belton 0-0: Ball
Pickoff Throw to First - Out! 1-3
1-0: Ball
2-0: Ball
3-0: Base on Balls
Batting: LHB David Campbell 0-0: Ball
1-0: Foul Ball, location: 2F
1-1: Ball
Alex Belton is caught stealing 2nd base 2-6
Bottom of the 6th over - 0 runs, 0 hits, 0 errors, 0 left on base; Texas (APP) 9 - Elizabethton 5
TOP OF THE 7TH
Texas (APP) Rangers batting - Pitching for Elizabethton Twins : RHP Jorge Corte
Batting: RHB Matt Silva 0-0: Ball
1-0: Foul Ball, location: 2F
1-1: Ground out 6-3 (Groundball, 6, EV 81.3 MPH)
Batting: SHB Mark Paquin 0-0: Called Strike
0-1: Called Strike
0-2: Ball
1-2: Ball
2-2: SINGLE (Groundball, 6MS, EV 68.1 MPH) (infield hit)
Batting: RHB Rafael Tapia 0-0: Ball
Mark Paquin steals 2nd base
Pinch Runner at 2nd Walter Vegter: 1-0: Swinging Strike
1-1: Ball
2-1: DOUBLE (Flyball, 8RXD, EV 100.6 MPH)
Walter Vegter scores
Batting: RHB Alejandro Luna 0-0: Called Strike
0-1: Ground out 6-3 (Groundball, 56, EV 86.3 MPH)
Batting: RHB Jay De Angelis 0-0: Ball
1-0: Swinging Strike
1-1: Ball
2-1: Called Strike
2-2: Ball
3-2: Foul Ball, location: 2F
3-2: Base on Balls
Pitching: RHP Ewan Wijker
Batting: RHB Alex Lopez 0-0: Fly out, F8 (Flyball, 8RD, EV 83.8 MPH)
Top of the 7th over - 1 run, 2 hits, 0 errors, 2 left on base; Texas (APP) 10 - Elizabethton 5
BOTTOM OF THE 7TH
Elizabethton Twins batting - Pitching for Texas (APP) Rangers : RHP Logan Dietz
Now at 3B: Jeremy Palac
Now at SS: Rafael Tapia
Now in LF: Matt Silva
Now in CF: Jordan Llanes
Batting: LHB David Campbell 0-0: Ball
1-0: Called Strike
1-1: Ball
2-1: Foul Ball, location: 2F
2-2: Ball
3-2: Fly out, F7 (Flyball, 78M, EV 88.8 MPH)
Pitching: LHP Andy Huguet
Batting: RHB Jose Gracia 0-0: Ball
1-0: Foul Ball, location: 2F
1-1: Called Strike
1-2: Strikes out swinging
Batting: SHB Chris Hull 0-0: Called Strike
0-1: Foul Ball, location: 2F
0-2: Foul Ball, location: 2F
0-2: Strikes out swinging
Bottom of the 7th over - 0 runs, 0 hits, 0 errors, 0 left on base; Texas (APP) 10 - Elizabethton 5
TOP OF THE 8TH
Texas (APP) Rangers batting - Pitching for Elizabethton Twins : RHP Ewan Wijker
Batting: LHB Tomoya Hashimoto 0-0: Ball
1-0: Ball
2-0: Fly out, F7 (Flyball, 78D, EV 105.0 MPH)
Batting: RHB Ryan Pastore 0-0: Ball
1-0: Ball
2-0: Ball
3-0: DOUBLE (Line Drive, 7LS, EV 92.5 MPH)
Batting: RHB David Redman 0-0: Ball
1-0: Called Strike
1-1: SINGLE (Groundball, 6MD, EV 101.3 MPH)
Ryan Pastore to third
Batting: RHB Matt Silva 0-0: Ball
1-0: Swinging Strike
1-1: Grounds into double play, 5-4-3 (Groundball, 56, EV 82.5 MPH)
Top of the 8th over - 0 runs, 2 hits, 0 errors, 1 left on base; Texas (APP) 10 - Elizabethton 5
BOTTOM OF THE 8TH
Elizabethton Twins batting - Pitching for Texas (APP) Rangers : LHP Andy Huguet
Batting: LHB Jiong Shui 0-0: Called Strike
0-1: Foul Ball, location: 2F
0-2: Ball
1-2: Foul Ball, location: 2F
1-2: Ball
2-2: Strikes out looking
Batting: LHB Diego Gutierres 0-0: Called Strike
0-1: Ball
1-1: Called Strike
1-2: Foul Ball, location: 2F
1-2: Strikes out looking
Batting: SHB Nate Januchowski 0-0: Called Strike
0-1: Ball
1-1: Called Strike
1-2: Foul Ball, location: 2F
1-2: Ground out 6-3 (Groundball, 6, EV 88.1 MPH)
Bottom of the 8th over - 0 runs, 0 hits, 0 errors, 0 left on base; Texas (APP) 10 - Elizabethton 5
TOP OF THE 9TH
Texas (APP) Rangers batting - Pitching for Elizabethton Twins : RHP Ewan Wijker
Batting: RHB Jeremy Palac 0-0: Ball
1-0: Ball
2-0: Swinging Strike
2-1: Called Strike
2-2: Ground out 5-3 (Groundball, 56S, EV 93.8 MPH)
Batting: RHB Rafael Tapia 0-0: Ground out 6-3 (Groundball, 6, EV 83.1 MPH)
Batting: RHB Alejandro Luna 0-0: Ball
1-0: Foul Ball, location: 2F
1-1: Ball
2-1: Foul Ball, location: 2F
2-2: Ball
3-2: Base on Balls
Batting: RHB Jordan Llanes 0-0: SINGLE (Groundball, 13S, EV 66.3 MPH) (infield hit)
Alejandro Luna to second
Batting: RHB Alex Lopez 0-0: Called Strike
0-1: Called Strike
0-2: Ball
Wild Pitch!
Alejandro Luna to third
Jordan Llanes to second
1-2: Foul Ball, location: 2F
1-2: Ball
2-2: Ground out 5-3 (Groundball, 5L, EV 86.3 MPH)
Top of the 9th over - 0 runs, 1 hit, 0 errors, 2 left on base; Texas (APP) 10 - Elizabethton 5
BOTTOM OF THE 9TH
Elizabethton Twins batting - Pitching for Texas (APP) Rangers : LHP Andy Huguet
Batting: RHB Ryan Hawkins 0-0: Called Strike
0-1: Foul Ball, location: 2F
0-2: Foul Ball, location: 2F
0-2: Strikes out swinging, 2-3 out at first.
Batting: RHB Aaron Dusch 0-0: Ball
1-0: Ball
2-0: Ball
3-0: Called Strike
3-1: Called Strike
3-2: Strikes out swinging
Batting: RHB Alex Belton 0-0: Fly out, F9 (Flyball, 9S, EV 88.8 MPH)
Bottom of the 9th over - 0 runs, 0 hits, 0 errors, 0 left on base; Texas (APP) 10 - Elizabethton 5
Thursday, March 31st , 2022 - OOTP Baseball 22.12 Build 89